 Dungeon Crawl Stone Soup version 0.28.0-62-gf88900778d (webtiles) character file.

Game seed: 12041651629322540923

7778 cbfl8 the Cleaver (level 11, -6/100 HPs)
             Began as a Minotaur Berserker on Mar 27, 2023.
             Was an Elder of Trog.
             Mangled by an orc warrior
             ... wielding a +0 war axe
              (9 damage)
             ... on level 10 of the Dungeon.
             The game lasted 00:09:11 (10995 turns).

cbfl8 the Cleaver (Minotaur Berserker)             Turns: 10995, Time: 00:09:12

Health: -6/100     AC: 18    Str: 22    XL:     11   Next: 1%
Magic:  10/10      EV:  9    Int:  4    God:    Trog [****..]
Gold:   431        SH:  0    Dex: 20    Spells: 10/10 levels left

rFire   . . .      SeeInvis .   B - +3 war axe (vorpal)
rCold   . . .      Faith    +   (no shield)
rNeg    . . .      Spirit   .   i - +1 plate armour
rPois   .          Reflect  .   (helmet restricted)
rElec   .          Harm     .   D - scarf {+Inv}
rCorr   .          Rampage  .   h - +0 pair of gloves
Will    .....                   (no boots)
Stlth   ..........              w - amulet of faith
HPRegen 0.26/turn               k - +6 ring of dexterity
MPRegen 0.12/turn               (no ring)

@: on berserk cooldown, slowed, very slow
A: horns 2, retaliatory headbutt
a: Renounce Religion, Evoke Invisibility, Berserk, Trog's Hand, Brothers in Arms


You were on level 10 of the Dungeon.
You worshipped Trog.
Trog was greatly pleased with you.
You visited 1 branch of the dungeon, and saw 10 of its levels.

You collected 431 gold pieces.

Inventory:

Hand Weapons
 B - a +3 vorpal war axe (weapon)
Armour
 h - a +0 pair of gloves (worn)
 i - a +1 plate armour (worn)
 D - a scarf of invisibility (worn)
Jewellery
 k - a +6 ring of dexterity (left hand)
 w - an amulet of faith (around neck)
Wands
 y - a wand of charming (13)
Scrolls
 b - a scroll of fear
 d - 4 scrolls of summoning
 e - 2 scrolls of blinking
 g - 3 scrolls of enchant weapon
 l - 5 scrolls of teleportation
 m - a scroll of silence
 n - a scroll of brand weapon
 p - a scroll of vulnerability {unknown}
 v - a scroll of enchant armour
 C - a scroll of acquirement {unknown}
Potions
 a - 2 potions of haste {unknown}
 c - a potion of mutation {unknown}
 f - 2 potions of cancellation {unknown}
 j - 2 potions of ambrosia {unknown}
 o - 3 potions of attraction {unknown}
 q - 3 potions of curing
 r - 2 potions of lignification {unknown}
 s - 2 potions of flight {unknown}
 t - 2 potions of brilliance {unknown}
 u - a potion of heal wounds {unknown}
 z - 9 potions of degeneration
Miscellaneous
 A - a piece from Xom's chessboard (15/15)


   Skills:
 + Level 10.2 Fighting
 + Level 13.1 Axes
 + Level 12.2 Armour
 + Level 3.4 Dodging
 + Level 1.8 Stealth


You had 10 spell levels left.
You didn't know any spells.
Your spell library was empty.

Dungeon Overview and Level Annotations

Branches:
Dungeon (10/15)            Temple (0/1) D:5            Lair (0/6) D:9
    Orc: D:9-12

Altars:
Dithmenos
Elyvilon
Fedhas
Hepliaklqana
Makhleb
Ru
Sif Muna
Xom
Zin

Shops:
D:3 [   D:6 (   D:8 [


Innate Abilities, Weirdness & Mutations

You have a pair of horns on your head.
You reflexively headbutt those who attack you in melee.


Message History

You struggle to resist.
The orc warrior hits you but does no damage.
The orc priest barely misses you. You furiously retaliate!
You headbutt the orc priest! You closely miss the orc warrior.
The orc warrior is moderately wounded.
You hit the orc priest but do no damage.
The orc warrior hits you with a +0 war axe.
* * * LOW HITPOINT WARNING * * *
The orc priest calls upon Beogh to heal the orc warrior.
The orc warrior is healed somewhat.
The orc warrior hits you with a +0 war axe.
* * * LOW HITPOINT WARNING * * *
You hit the orc warrior but do no damage.
The orc warrior is lightly wounded.
You slash the orc priest!
You kill the orc priest!
Trog accepts your kill.
The orc warrior hits you but does no damage.
You slash the orc warrior!
The orc warrior is heavily wounded.
The orc warrior hits you but does no damage.
The orc warrior hits you with a +0 war axe!
* * * LOW HITPOINT WARNING * * *
You barely miss the orc warrior. You headbutt the orc warrior.
The orc warrior is heavily wounded.
The orc warrior misses you.
You hit the orc warrior.
The orc warrior is severely wounded.
The orc warrior hits you with a +0 war axe!
* * * LOW HITPOINT WARNING * * *
You hit the orc warrior but do no damage.
You headbutt the orc warrior.
The orc warrior is severely wounded.
The orc warrior hits you with a +0 war axe.
* * * LOW HITPOINT WARNING * * *
You hit the orc warrior but do no damage.
The orc warrior is severely wounded.
The orc warrior hits you with a +0 war axe!
You die...

#+######### ## #
#......##8###8## 8##
#......#...#...#...#
#...................
#...........))......
#.....)))..)@o......
#.....)#...#.).#...#
#......##8###8## #
..####...#########
.....##'###......#
.................#
.................#
.......#####.......+
.......# #.......#


You could see an orc warrior.

Vanquished Creatures
  A two-headed ogre (D:9)
  Pikel (D:9)
  Maggie (D:7)
  2 komodo dragons (D:9)
  A troll (D:9)
  Prince Ribbit (D:9)
  3 wyverns (D:9)
  A shadow (D:9)
  A basilisk (D:9)
  3 steam dragons
  3 water moccasins
  A hornet zombie (D:6)
  5 orc warriors
  4 black bears
  An ogre (D:6)
  A necrophage (D:6)
  3 centaurs
  3 kobold brigands
  A phantom (D:5)
  2 lemures (D:9)
  A bullfrog (D:8)
  2 gnoll sergeants
  2 scorpions
  6 killer bees
  8 wights
  A howler monkey (D:6)
  3 bullfrog zombies
  4 centaur zombies
  6 orc priests
  A hound (D:5)
  2 jellies (D:5)
  2 iguanas
  7 orc wizards
  A killer bee zombie (D:6)
  A hound skeleton (D:4)
  A howler monkey zombie (D:7)
  16 gnolls
  6 adders
  A white imp (D:6)
  3 worms
  3 dart slugs
  28 orcs
  2 endoplasms
  3 giant cockroaches
  8 goblins
  5 hobgoblins
  4 jackals (D:5)
  2 quokkas
  9 ball pythons
  6 bats
  5 frilled lizards
  12 kobolds
  5 rats
205 creatures vanquished.

Vanquished Creatures (others)
  A fungus (D:1)
  A plant (D:1)
2 creatures vanquished.

Grand Total: 207 creatures vanquished

Notes
Turn   | Place    | Note
-------+----------+-------------------------------------------
     0 | D:1      | cbfl8 the Minotaur Berserker began the quest for the Orb.
     0 | D:1      | Reached XP level 1. HP: 19/19 MP: 0/0
   136 | D:1      | Found a faded altar of an unknown god.
   372 | D:1      | Reached XP level 2. HP: 27/27 MP: 1/1
   439 | D:1      | Found a glowing silver altar of Zin.
   683 | D:1      | Reached skill level 4 in Axes
   943 | D:1      | Reached ** piety under Trog
  1149 | D:2      | Reached XP level 3. HP: 33/33 MP: 2/2
  1612 | D:3      | Reached XP level 4. HP: 38/41 MP: 3/3
  1852 | D:3      | Found Biv Tut's Antique Armour Boutique.
  1871 | D:3      | Reached skill level 5 in Axes
  1901 | D:3      | Found a shadowy altar of Dithmenos.
  1901 | D:3      | Found a hazy altar of Hepliaklqana.
  1901 | D:3      | Found a blossoming altar of Fedhas.
  1901 | D:3      | Found a shimmering blue altar of Sif Muna.
  2034 | D:3      | Reached XP level 5. HP: 29/47 MP: 4/4
  2869 | D:4      | Found a burning altar of Makhleb.
  2875 | D:4      | Found a white marble altar of Elyvilon.
  3033 | D:4      | Reached *** piety under Trog
  3054 | D:4      | Found a sacrificial altar of Ru.
  3207 | D:4      | Reached skill level 5 in Fighting
  3207 | D:4      | Reached skill level 6 in Axes
  3207 | D:4      | Reached XP level 6. HP: 47/56 MP: 5/5
  3475 | D:5      | Entered Level 5 of the Dungeon
  3483 | D:5      | Found a staircase to the Ecumenical Temple.
  3555 | D:5      | Reached skill level 7 in Axes
  3569 | D:5      | Reached XP level 7. HP: 12/61 MP: 6/6
  4227 | D:5      | Reached skill level 8 in Axes
  4360 | D:5      | Reached skill level 5 in Armour
  4629 | D:6      | Reached XP level 8. HP: 59/71 MP: 7/7
  5091 | D:6      | Reached skill level 9 in Axes
  5149 | D:6      | Reached skill level 1 in Stealth
  5359 | D:6      | Found Ymoej's Weapon Shoppe.
  6094 | D:7      | Reached XP level 9. HP: 77/79 MP: 8/8
  6098 | D:7      | Reached **** piety under Trog
  6139 | D:7      | Reached skill level 10 in Axes
  6536 | D:7      | Noticed Maggie
  6546 | D:7      | Killed Maggie
  6941 | D:7      | Reached skill level 11 in Axes
  7639 | D:8      | Found a shimmering altar of Xom.
  8076 | D:8      | Reached XP level 10. HP: 32/91 MP: 9/9
  8433 | D:8      | Reached skill level 10 in Armour
  8840 | D:8      | Found Usat's Armour Shoppe.
  8982 | D:9      | Noticed a two-headed ogre
  8993 | D:9      | Killed a two-headed ogre
  8994 | D:9      | Reached skill level 12 in Axes
  9337 | D:9      | Noticed Pikel
  9354 | D:9      | Killed Pikel
  9705 | D:9      | Noticed Prince Ribbit
  9714 | D:9      | Killed Prince Ribbit
 10205 | D:9      | Reached skill level 10 in Fighting
 10563 | D:9      | Found a staircase to the Lair.
 10896 | D:10     | Entered Level 10 of the Dungeon
 10936 | D:10     | Reached skill level 13 in Axes
 10987 | D:10     | Reached XP level 11. HP: 46/100 MP: 10/10
 10993 | D:10     | HP: 5/100 [orc warrior/+0 war axe (12)]
 10995 | D:10     | Mangled by an orc warrior

Illustrated notes

Levels and vault maps discovered:
D:1:      lightli_arrival_maybe_door_vault, layout_basic,
          shapermc_ecumenical_altar_acropolis, minmay_hexomino_r4
D:2:      layout_rooms, ebering_dispersal_statue_hall
D:3:      layout_rooms, grunt_temple_overflow_cloverleaf, serial_shops,
          nicolae_shop_behind_doors
D:4:      layout_basic, kennysheep_little_box, minitemple
D:5:      layout_rooms, minmay_temple_entry_glass
D:6:      layout_basic, serial_shops, shop
D:7:      layout_rooms, uniq_maggie
D:8:      layout_rooms, xom_butterflies, serial_shops, kennysheep_mini,
          minmay_hedge_maze, minmay_tree_intersection
D:9:      layout_long_grid, erik_lair_dragon, enter_bailey_7,
          grunt_ministairs_15, uniq_prince_ribbit1, uniq_pikel
D:10:     layout_irregular_city, david_orc_4

Skill      XL: |  1  2  3  4  5  6  7  8  9 10 |
---------------+-------------------------------+-----
Fighting       | 4 5 6 7 9 10 | 10.2
Axes           | 4 5 6 7 8 9 11 13 | 13.1
Armour         | 3 4 5 7 9 12 | 12.2
Dodging        | 3 |  3.4
Stealth        | 1 |  1.8

Action                   |  1- 3 |  4- 6 |  7- 9 | 10-12 || total
-------------------------+-------+-------+-------+-------++-------
Melee: Hand axe          |    77 |   132 |   214 |       ||   423
       Punch             |     1 |     1 |     5 |     3 ||    10
       Headbutt          |    11 |    20 |    68 |    30 ||   129
       War axe           |       |       |    72 |   134 ||   206
Invok: Berserk           |       |     1 |     2 |     3 ||     6
       Trog's Hand       |       |       |     1 |     1 ||     2
  Use: Scroll            |       |       |     5 |     4 ||     9
       Potion            |       |       |     3 |       ||     3
Armor: Animal skin       |     9 |       |       |       ||     9
       Plate armour      |    18 |    76 |   219 |    66 ||   379
Dodge: Dodged            |    43 |    43 |   125 |    53 ||   264
